cohdb
Replays
Latest Replays
All Replays
Popular Replays
Top Player Replays
Match Explorer
How It Works
Community
CoH3 Stats
Reddit
Sign in to upload your games and track your stats! →
Sign in with Steam
Match 42172998
Unlisted
Match 42172998
Overview
Messages
Build Orders
End
Construct Barracks
Riflemen Squad
1⁄4-ton 4x4 Truck
Riflemen Squad
Grenade Package
Riflemen Squad
Engineer Squad
Mechanized Support Center
Selects Heavy Weapons
Selects Assault Carriers
Selects Exchangeable Parts
Designate Forward Repair Station
Construct Motor Pool
Mortar Pit
M1918 Browning Automatic Rifles
M1 Anti-tank Gun Team
M3 75 mm Gun Motor Carriage
M16 Multiple Gun Motor Carriage
Construct Medical Station
Mortar Pit
.30 cal Machine Gun
M3 75 mm Gun Motor Carriage
Selects M2HB .50cal Heavy Machine Gun
Selects Gallant Stand
Selects Black Dragon Artillery Barrage
Black Dragon Artillery Barrage
Construct Tank Depot
dan legend
Dry Devil
Elder-Gyattson
VleerPoezzz
MartijnO07
Superhero070
Duke Waffelofdeath
Yngvi
0
0
Comments
sign in to comment!
No comments posted yet!